 Dungeon Crawl Stone Soup version 0.30.0-10-gfe55d96785 (webtiles) character file.

Game seed: 13548787590242960955

124 FexLirch the Magician (level 4, -8/30 HPs)
             Began as a Mummy Fire Elementalist on May 14, 2023.
             Killed by divine providence
             ... invoked by an orc priest
              (15 damage)
             ... on level 3 of the Dungeon.
             The game lasted 00:05:55 (2333 turns).

FexLirch the Magician (Mummy Fire Elementalist)     Turns: 2333, Time: 00:05:55

Health: -8/30      AC:  4    Str: 11    XL:     4   Next: 81%
Magic:  7/10       EV: 12    Int: 16    God:
Gold:   130        SH:  0    Dex: 12    Spells: 8/11 levels left

rFire   x . .        l - +3 dagger (elec)
rCold   + . .        (no shield)
rNeg    + + +        m - +1 robe {Will+}
rPois   ∞            j - +0 helmet
rElec   .            (no cloak)
rCorr   +            (no gloves)
SInv    .            (no boots)
Will    +....        k - amulet of the acrobat
Stlth   ++           n - ring of resist corrosion
HPRegen 0.25/turn    (no ring)
MPRegen 0.12/turn

%: acrobat, faith
@: no status effects
A: cold resistance 1, negative energy resistance 3, torment resistance 2, heat
vulnerability 1, in touch with death 1, no potions, faith
a: no special abilities


You were on level 3 of the Dungeon.
You visited 1 branch of the dungeon, and saw 3 of its levels.

You collected 130 gold pieces.

Inventory:

Hand Weapons
 f - a +0 club
 h - a +0 dagger
 l - a +3 dagger of electrocution (weapon)
Missiles
 d - 12 poisoned darts
Armour
 a - a +0 robe
 j - a +0 helmet (worn)
 m - a +1 robe of willpower (worn)
Jewellery
 k - an amulet of the acrobat (around neck)
 n - a ring of resist corrosion (left hand)
Scrolls
 b - a scroll of poison {unknown}
 c - a scroll of fog {unknown}
 e - 2 scrolls of identify
 g - a scroll of enchant armour
 i - a scroll of magic mapping {unknown}


   Skills:
 - Level 1.5 Dodging
 - Level 1.5 Stealth
 + Level 4.1 Spellcasting
 + Level 2.2 Conjurations
 + Level 3.3 Fire Magic


You had 8 spell levels left.
You knew the following spells:

 Your Spells              Type           Power      Damage    Failure   Level
a - Foxfire               Conj/Fire      48%        2x1d6     5%          1
b - Scorch                Fire           26%        2d6       6%          2

Your spell library contained the following spells:

 Spells                   Type           Power      Damage    Failure   Level
 Inner Flame              Hex/Fire       8%         N/A       26%         3
 Volatile Blastmotes      Fire/Tloc      16%        2d11      26%         3
 Portal Projectile        Hex/Tloc       6%         N/A       45%         3
 Tukima's Dance           Hex            3%         N/A       45%         3
 Flame Wave               Conj/Fire      12%        2d6       45%         4
 Blade Hands              Tmut           Unusable   N/A       N/A         5

Dungeon Overview and Level Annotations

Branches:
Dungeon (3/15)

Altars:
Ru


Innate Abilities, Weirdness & Mutations

You are immune to poison.
Your flesh is cold resistant. (rC+)
You are immune to negative energy. (rN+++)
You are immune to unholy pain and torment.
You are vulnerable to heat. (rF-)
You are in touch with the powers of death.
You do not drink.
You have a special connection with the divine. (Faith)


Message History

Your magical contamination has completely faded away.
d - 12 poisoned darts (gained 3)
You see here a +0 whip.
There is an open door here.
You open the door.
There is an open door here. 2 orcs and an orc wizard come into view.
Found 2 amethyst potions and a leather armour.
The orc shouts!
The orc priest shouts!
An orc comes into view. It is wielding a +0 flail.
There are monsters nearby!
Casting: Foxfire (safe; 5% risk of failure)
Confirm with . or Enter, or press ? or * to list all spells.
Okay, then.
Unknown command.
You conjure some foxfire!
Your foxfire dissipates!
The foxfire hits the orc.
The orc is lightly wounded.
The orc priest invokes the aid of Beogh against you.
Beogh smites you!
The orc wizard shouts!
Casting: Foxfire (safe; 5% risk of failure)
Confirm with . or Enter, or press ? or * to list all spells.
Flames lash the orc.
The orc is heavily wounded.
The orc's fire resistance burns away.
The orc priest calls down the wrath of Beogh upon you.
Beogh smites you!
* * * LOW HITPOINT WARNING * * *
You hear a shout!
The orc attacks as you move away! The orc barely misses you.
You can't drink.
As you read the scroll labelled ZUSMOS GIJI, it crumbles to dust.
It is a scroll of identify.
g - a scroll of enchant armour The orc priest calls down the wrath of Beogh upon you.
Beogh smites you!
Ouch! That really hurt!
You die...

######.#
#≈#≈≈≈≈≈#~####.#
#.#
#~~~~~~≈≈≈.....#
#.#
##......########
##.## ##...#.##
#...########.#...#
#................#
#...########.#...#
##### #.##### #@#
#o# # #.#
######.#### #.#
..<........ #.#
.###....... #o# .#
.#.#... #o# .# ..
........o..# .#
.#. ..o.[!......


You could see an orc priest, an orc wizard and 2 orcs.

Vanquished Creatures
  Jessica (D:3)
  Natasha (twice) (D:3)
  An adder (D:2)
  2 ball pythons (D:1)
  5 bats
  4 endoplasms
  4 giant cockroaches
  2 goblins
  5 hobgoblins
  3 kobolds
  A quokka (D:2)
  2 frilled lizards
  6 rats
38 creatures vanquished.

Vanquished Creatures (others)
  108 foxfires
108 creatures vanquished.

Grand Total: 146 creatures vanquished

Notes
Turn   | Place    | Note
-------+----------+-------------------------------------------
     0 | D:1      | FexLirch the Mummy Fire Elementalist began the quest for
                  | the Orb.
     0 | D:1      | Reached XP level 1. HP: 13/13 MP: 4/4
   107 | D:1      | Reached skill level 1 in Conjurations
   159 | D:1      | Reached skill level 3 in Spellcasting
   176 | D:1      | Reached XP level 2. HP: 19/19 MP: 0/6
   331 | D:1      | Found a faded altar of an unknown god.
   706 | D:2      | Learned a level 2 spell: Scorch
   745 | D:2      | Gained mutation: You are in touch with the powers of death.
                  | [Mummy growth]
   745 | D:2      | Reached XP level 3. HP: 24/24 MP: 3/7
   811 | D:2      | Found a sacrificial altar of Ru.
  1780 | D:3      | Noticed Natasha
  1792 | D:3      | Killed Natasha
  1793 | D:3      | Reached XP level 4. HP: 29/30 MP: 0/9
  2083 | D:3      | Noticed Jessica
  2093 | D:3      | Killed Jessica
  2116 | D:3      | Noticed Natasha
  2124 | D:3      | Killed Natasha
  2125 | D:3      | Reached skill level 4 in Spellcasting
  2333 | D:3      | Killed from afar by an orc priest

Illustrated notes

Levels and vault maps discovered:
D:1:      minmay_arrival_shattered_statue, layout_rooms,
          hellmonk_ecumenical_altar_run_dry, hangedman_decor_growths
D:2:      layout_basic, basic_altar, st_stairs_11
D:3:      layout_loops_corners, serial_shops, shop, hangedman_feature_mirror,
          minmay_crystal_water, glass_columns_a, ebering_dispersal_statue_hall,
          grunt_ministairs_6, uniq_jessica, uniq_natasha

Skill      XL: |  1  2  3  4 |
---------------+-------------+-----
Conjurations   | 1 2 |  2.2
Spellcasting   | 3 4 |  4.1
Fire Magic     | 3 |  3.3
Dodging        | |  1.5
Stealth        | |  1.5

Action                     |  1- 3 |  4- 6 || total
---------------------------+-------+-------++-------
  Melee: Unarmed           |     1 |       ||     1
         Club              |     2 |       ||     2
         Dagger            |     3 |     2 ||     5
   Cast: Foxfire           |    57 |    15 ||    72
         Scorch            |       |     1 ||     1
    Use: Scroll            |       |     1 ||     1
 Armour: Robe              |    10 |       ||    10
  Dodge: Dodged            |     9 |     1 ||    10
